 Dungeon Crawl Stone Soup version 0.21-a0-272-g984ae92 (webtiles) character file.

555 theyak the Slasher (level 7, -10/49 HPs)
             Began as an Octopode Fighter on Sept 15, 2017.
             Mangled by an ogre
             ... wielding a +0 giant club
              (21 damage)
             ... on level 5 of the Dungeon.
             The game lasted 00:06:24 (5550 turns).

theyak the Slasher (Octopode Fighter)               Turns: 5550, Time: 00:06:24

Health: -10/49     AC:  1    Str: 17    XL:     7   Next: 30%
Magic:  7/7        EV: 12    Int: 11    God:
Gold:   233        SH:  9    Dex: 11    Spells: 6/6 levels left

rFire    + . .     SeeInvis .   a - +0 long sword
rCold    . . .     Gourm    +   b - +0 shield
rNeg     . . .     Faith    .   (helmet restricted)
rPois    .         Spirit   .   i - amulet of the gourmand
rElec    .         Reflect  .   (no ring)
rCorr    .         Harm     .   (no ring)
MR       .....                  (no ring)
Stlth    ++........             (no ring)
HPRegen  0.16/turn              (no ring)
MPRegen  0.10/turn              (no ring)
                                (no ring)
                                (no ring)

@: very slightly contaminated, invisible
A: almost no armour, stealthy swim, amphibious, 8 rings, constrict 8, camouflage
1, fire resistance 1, wild magic 1, gelatinous body 1
a: no special abilities


You were on level 5 of the Dungeon.
You were completely stuffed.

You visited 1 branch of the dungeon, and saw 5 of its levels.

You collected 233 gold pieces.

Inventory:

Hand Weapons
 a - a +0 long sword (weapon)
 n - a +0 blowgun
 s - a +1 dagger of venom
Missiles
 c - 67 stones (quivered)
 o - 7 poisoned needles
 r - 7 javelins
Armour
 b - a +0 shield (worn)
Jewellery
 i - an amulet of the gourmand (around mantle)
 l - an uncursed amulet of guardian spirit
Wands
 w - a wand of polymorph (12/24)
Scrolls
 e - 5 scrolls of remove curse
 f - a scroll of enchant weapon {unknown}
 q - 2 scrolls of random uselessness {unknown}
 t - a scroll of magic mapping
 u - a scroll of fear {unknown}
Potions
 j - a potion of degeneration
Comestibles
 d - 5 bread rations
 g - 2 royal jellies
 h - 6 fruits
 m - 3 meat rations


   Skills:
 + Level 4.5 Fighting
 * Level 5.3 Long Blades
 + Level 4.3 Dodging
 + Level 4.2 Shields


You had 6 spell levels left.
You didn't know any spells.

Dungeon Overview and Level Annotations

Branches:
Dungeon (5/15)
 Temple: D:4-7

Altars:
Fedhas
Gozag
Hepliaklqana
Trog


Innate Abilities, Weirdness & Mutations

You cannot wear most types of armour.
You are very stealthy in the water. (Stealth+)
You are amphibious.
You can wear up to eight rings at the same time.
You can use your tentacles to constrict eight enemies at once.
Your skin changes colour to match your surroundings (Stealth+).
Your rubbery body absorbs attacks. (AC +1, EV +1)
Your flesh is heat resistant. (rF+)
Your spells are a little harder to cast, but a little more powerful.


Message History

You block the jackal's attack. The jackal misses you.
You hit the jackal.
The jackal is severely wounded.
You constrict the jackal. You block the jackal's attack. x2
Unknown command.
You hit the jackal but do no damage. You squeeze the jackal.
You kill the jackal!
The jackal barely misses you. You block the jackal's attack.
Unknown command.
You catch the helpless ogre completely off-guard!
You slash the ogre!
The ogre is moderately wounded.
The ogre hits you with a giant club!!
* * * LOW HITPOINT WARNING * * *
The jackal barely misses you.
Unknown command.
You hit the ogre but do no damage. You squeeze the ogre!
The ogre is severely wounded.
You block the jackal's attack. The ogre hits you with a giant club!!
You die...

........##
........##
.........#
..J......
.....$....
#...._....
###..........
#@Oh..........
##h.........>..#
#.............#
#.............###
##$.....(........
#...............
##..............
#..............
##.............


You could see an ogre and 2 jackals.

Vanquished Creatures
  A centaur (D:5)
  A scorpion (D:4)
  An orc priest (D:3)
  2 orc wizards (D:3)
  A centaur skeleton (D:5)
  An iguana (D:4)
  2 worker ants
  8 adders
  A gnoll (D:1)
  3 oozes
  An adder skeleton (D:4)
  3 worms
  5 dart slugs
  2 leopard geckos
  14 orcs
  4 ball pythons
  4 giant cockroaches
  8 goblins
  5 hobgoblins
  11 jackals
  4 kobolds
  3 quokkas
  8 bats
  3 frilled lizards
  26 rats
122 creatures vanquished.

Notes
Turn   | Place    | Note
-------+----------+-------------------------------------------
     0 | D:1      | theyak the Octopode Fighter began the quest for the Orb.
     0 | D:1      | Reached XP level 1. HP: 16/16 MP: 1/1
   253 | D:1      | Reached XP level 2. HP: 21/21 MP: 2/2
   900 | D:1      | Reached XP level 3. HP: 26/26 MP: 3/3
  1212 | D:1      | Reached skill level 3 in Long Blades
  2192 | D:2      | Reached XP level 4. HP: 26/31 MP: 4/4
  2396 | D:2      | Found a bloodstained altar of Trog.
  2790 | D:3      | Found a hazy altar of Hepliaklqana.
  3111 | D:3      | Reached XP level 5. HP: 31/36 MP: 5/5
  3498 | D:3      | Reached skill level 4 in Long Blades
  3790 | D:3      | Reached XP level 6. HP: 43/43 MP: 6/6
  4767 | D:4      | Noticed a phantom
  5214 | D:5      | Entered Level 5 of the Dungeon
  5218 | D:5      | Reached skill level 5 in Long Blades
  5218 | D:5      | Reached XP level 7. HP: 38/49 MP: 7/7
  5377 | D:5      | Found a blossoming altar of Fedhas.
  5536 | D:5      | Found an opulent altar of Gozag.
  5544 | D:5      | Gained mutation: You tend to lose your temper in combat. [potion of mutation]
  5544 | D:5      | Lost mutation: You tend to lose your temper in combat. [potion of mutation]
  5544 | D:5      | Gained mutation: Your flesh is heat resistant. (rF+) [potion of mutation]
  5544 | D:5      | Gained mutation: Your spells are a little harder to cast, but a little more powerful. [potion of mutation]
  5550 | D:5      | Mangled by an ogre

Vault maps used:
D:1:      nzn_arrival_depleted_hourglass, st_stairs_4, minmay_bisected
D:2:      bloody_trog
D:3:      lemuel_doored_altar, first_bread, minmay_rat_hole
D:5:      fedhas_bush_and_centaur_altar, minmay_temple_entry_statues_fountains,
          serial_park, serial_park_tiny_1, basic_altar, kennysheep_path_1,
          st_stairs_6

Skill      XL: |  1  2  3  4  5  6 |
---------------+-------------------+-----
Long Blades    | 3 4 5 |  5.3
Fighting       | 4 |  4.5
Dodging        | 4 |  4.3
Shields        | 4 |  4.2

Action                   |  1- 3 |  4- 6 |  7- 9 || total
-------------------------+-------+-------+-------++-------
Melee: Long sword        |    57 |   156 |    15 ||   228
       Tentacles         |     7 |    34 |     5 ||    46
       Constrict         |    10 |    48 |     2 ||    60
 Fire: Blowgun           |       |     6 |       ||     6
Evoke: Wand              |       |       |     1 ||     1
  Use: Scroll            |     4 |     2 |     1 ||     7
       Potion            |     3 |       |     2 ||     5
 Stab: Sleeping          |     6 |     6 |       ||    12
       Invisible         |       |       |     2 ||     2
  Eat: Chunk             |     2 |    22 |     1 ||    25
       Bread ration      |     1 |       |       ||     1
Armor: Skin              |    11 |     7 |       ||    18
Dodge: Dodged            |    35 |    58 |    14 ||   107
Block: Shield            |    26 |    59 |    18 ||   103
       Rpst.: Long sword |    13 |    18 |     3 ||    34

Table legend:
 A = Spawn XP
 B = Non-spawn XP
 C = Spawn XP percentage of total XP
 D = Spawn monster count
 E = Non-spawn monster count
 F = Spawn count percentage of total count
 G = Total turns spent on level
                    A         B        C        D         E        F      G
               +---------+---------+-------+---------+---------+-------+---------
         Total |       0 |     794 |   0.0 |       0 |     122 |   0.0 |  5550
               +---------+---------+-------+---------+---------+-------+---------
           D:1 |       0 |      66 |   0.0 |       0 |      28 |   0.0 |  2096
           D:2 |       0 |      73 |   0.0 |       0 |      12 |   0.0 |   618
           D:3 |       0 |     230 |   0.0 |       0 |      51 |   0.0 |  1338
           D:4 |       0 |     214 |   0.0 |       0 |      23 |   0.0 |  1162
           D:5 |       0 |     211 |   0.0 |       0 |       8 |   0.0 |   336
               +---------+---------+-------+---------+---------+-------+---------
